 Dungeon Sprint DCSS version 0.30-a0-122-g2a1322497e (webtiles) character file.

Game seed: 17581251371431788498

1234 fingers the Basher (level 8, -1/124 HPs)
             Began as a Yellow Draconian Berserker on Sept 15, 2022.
             Was a Priest of Trog.
             Slain by a demonic crawler (3 damage)
             ... in the Dungeon (Sprint I: "Red Sonja").
             The game lasted 00:02:16 (2954 turns).

fingers the Basher (Yellow Draconian Berserker)     Turns: 2954, Time: 00:02:17

Health: -1/124     AC:  6    Str: 22    XL:     8   Next: 24%
Magic:  8/8        EV: 15    Int:  8    God:    Trog [***...]
Gold:   421        SH:  0    Dex: 10    Spells: 7/7 levels left

rFire   . . .      SeeInvis .    a - +0 mace
rCold   . . .      Faith    .    (no shield)
rNeg    . . .      Spirit   .    (body armour unavailable)
rPois   .          Reflect  .    (helmet restricted)
rElec   .          Harm     .    (no cloak)
rCorr   +          Rampage  .    (no gloves)
Will    .....      NoTele   +    (no boots)
Stlth   ..........               (no amulet)
HPRegen 0.30/turn                (no ring)
MPRegen 0.11/turn                (no ring)

@: berserking (expiring), very quick
A: spit acid, AC +6, unfitting armour, cold-blooded, acid resistance
a: Breathe Acid, Renounce Religion, Berserk, Trog's Hand


You were in the Dungeon.
You worshipped Trog.
Trog was most pleased with you.
You visited 1 branch You collected 421 gold pieces.

Inventory:

Hand Weapons
 a - a +0 mace (weapon)
Armour
 i - the +1 robe of the Sun {Harm Slay+2}
   (You found it in the Dungeon)

   Slay:      It affects your accuracy & damage with ranged weapons and melee
   (+2).
   Harm:      It increases damage dealt and taken.
Wands
 h - a wand of paralysis (6)
Scrolls
 g - a scroll of blinking
Potions
 b - a potion of curing
 c - a potion of heal wounds
 d - a potion of haste
 e - 2 potions of magic
 f - a potion of berserk rage


   Skills:
 + Level 11.7 Fighting
 + Level 11.7 Maces & Flails
 + Level 9.6 Dodging
 + Level 1.5 Stealth


You had 7 spell levels left.
You didn't know any spells.
Your spell library was empty.

Dungeon Overview and Level Annotations

Branches:
Dungeon (1/1)

Altars:
Cheibriados
Dithmenos
Elyvilon
Fedhas
Gozag
Hepliaklqana
Kikubaaqudgha
Makhleb
Nemelex Xobeh
Okawaru
Qazlal
Ru
Sif Muna
Trog
Uskayaw
Vehumet
Wu Jian
Xom
Yredelemnul
Zin
The Shining One
Jiyva
Lugonu

Shops:
D =


Innate Abilities, Weirdness & Mutations

You can spit globs of acid.
Your golden yellow scales are hard. (AC +6)
You cannot fit into any form of body armour.
You are cold-blooded and may be slowed by cold attacks.
You are resistant to acid. (rCorr)


Message History

You sock the demonic crawler!
The demonic crawler is moderately wounded.
The demonic crawler shrieks in warning!
The demonic crawler hits you. The demonic crawler misses you.
The demonic crawler hits you! x2; The demonic crawler barely misses you.
The demonic crawler closely misses you.
You are too berserk!
You hit the demonic crawler.
The demonic crawler is moderately wounded.
The demonic crawler hits you! The demonic crawler hits you. x2
You hit the demonic crawler.
The demonic crawler is moderately wounded.
The demonic crawler hits you.
The demonic crawler completely misses you.
The demonic crawler hits you!
* * * LOW HITPOINT WARNING * * *
The demonic crawler closely misses you. The demonic crawler barely misses you.
The demonic crawler hits you.
* * * LOW HITPOINT WARNING * * *
You hit the demonic crawler. You tail-slap the demonic crawler.
The demonic crawler is heavily wounded.
The demonic crawler closely misses you. The demonic crawler misses you.
The demonic crawler hits you!
* * * LOW HITPOINT WARNING * * *
The demonic crawler hits you.
* * * LOW HITPOINT WARNING * * *
The demonic crawler misses you. x2; The demonic crawler barely misses you.
The demonic crawler hits you.
* * * LOW HITPOINT WARNING * * *
The demonic crawler barely misses you.
You thump the demonic crawler!
Your tail-slap misses the demonic crawler.
The demonic crawler is heavily wounded.
The demonic crawler completely misses you.
The demonic crawler hits you but does no damage.
The demonic crawler hits you!
* * * LOW HITPOINT WARNING * * *
The demonic crawler hits you but does no damage.
The demonic crawler hits you.
You die...

#################
#..'..#__#..')..#
').#..'..'..#).s##+#
#####'#__####...@ss#
#...#.####§$#####s.+
#..##[#§~§§c# +##
##'#_.'§§§..+
.'..._#~§~.c#
##_.#'##+####
###+#.# # ###


You could see 4 demonic crawlers.

Vanquished Creatures
  2 kobold demonologists (D)
  A slime creature (D)
  A yak (D)
  Sigmund (D)
  A floating eye (D)
  An ogre (D)
  A jelly (D)
  Ijyb (D)
9 creatures vanquished.

Notes
Turn   | Place    | Note
-------+----------+-------------------------------------------
     0 | D        | fingers the Draconian Berserker began the quest for the
                  | Orb.
     0 | D        | Reached XP level 1. HP: 19/19 MP: 1/1
     2 | D        | Noticed Ijyb
    11 | D        | Killed Ijyb
    12 | D        | Reached XP level 2. HP: 28/28 MP: 2/2
   170 | D        | Noticed an ogre
   175 | D        | Killed an ogre
   176 | D        | Reached skill level 5 in Dodging
   176 | D        | Reached XP level 3. HP: 28/38 MP: 3/3
   176 | D        | Reached XP level 4. HP: 33/45 MP: 4/4
   502 | D        | Noticed Sigmund
   510 | D        | Killed Sigmund
   510 | D        | Reached ** piety under Trog
   511 | D        | Reached XP level 5. HP: 56/56 MP: 5/5
   665 | D        | Found an ornate altar of the Wu Jian Council.
   665 | D        | Found a shimmering blue altar of Sif Muna.
   667 | D        | Found a radiant altar of Vehumet.
   673 | D        | Reached XP level 6. HP: 55/62 MP: 6/6
   698 | D        | Found Imergh Cidom's Jewellery Emporium.
   698 | D        | Found an ancient bone altar of Kikubaaqudgha.
   698 | D        | Found a hazy altar of Hepliaklqana.
   698 | D        | Found a stormy altar of Qazlal.
   698 | D        | Found a hide-covered altar of Uskayaw.
   698 | D        | Found a blossoming altar of Fedhas.
   698 | D        | Found a bloodstained altar of Trog.
   698 | D        | Found an iron altar of Okawaru.
   698 | D        | Found a basalt altar of Yredelemnul.
   698 | D        | Found a glowing golden altar of the Shining One.
   698 | D        | Found a snail-covered altar of Cheibriados.
   698 | D        | Found a sacrificial altar of Ru.
   698 | D        | Found a glowing silver altar of Zin.
   698 | D        | Found a shadowy altar of Dithmenos.
   698 | D        | Found a white marble altar of Elyvilon.
   698 | D        | Noticed a yak
   708 | D        | Killed a yak
   922 | D        | Found an opulent altar of Gozag.
   923 | D        | Found a sparkling altar of Nemelex Xobeh.
   937 | D        | Identified the +1 robe of the Sun {Harm Slay+2}
   942 | D        | Noticed a centaur warrior
   943 | D        | Noticed a centaur warrior
  2287 | D        | Found a burning altar of Makhleb.
  2287 | D        | Found a viscous altar of Jiyva.
  2287 | D        | Found a shimmering altar of Xom.
  2287 | D        | Found a corrupted altar of Lugonu.
  2287 | D        | Noticed a slime creature
  2295 | D        | Killed a slime creature
  2296 | D        | Reached skill level 10 in Fighting
  2296 | D        | Reached skill level 10 in Maces & Flails
  2296 | D        | Reached skill level 1 in Stealth
  2296 | D        | Your scales start taking on a golden yellow colour.
  2296 | D        | Reached XP level 7. HP: 73/73 MP: 7/7
  2296 | D        | Gained mutation: You are resistant to acid. (rCorr) [Yellow
                  | Draconian growth]
  2618 | D        | Noticed a kobold demonologist
  2618 | D        | Noticed a kobold demonologist
  2621 | D        | Paralysed by a floating eye for 2 turns
  2625 | D        | Killed a kobold demonologist
  2627 | D        | Paralysed by a floating eye for 4 turns
  2633 | D        | Killed a kobold demonologist
  2633 | D        | Reached *** piety under Trog
  2634 | D        | Reached XP level 8. HP: 50/82 MP: 8/8
  2946 | D        | Noticed a demonic crawler
  2946 | D        | Noticed a demonic crawler
  2946 | D        | Noticed a demonic crawler
  2946 | D        | Noticed a demonic crawler
  2954 | D        | HP: 2/124 [demonic crawler (7)]
  2954 | D        | Slain by a demonic crawler

Illustrated notes

Levels and vault maps discovered:
D:        dungeon_sprint_1 [red_sonja_temple_1, red_sonja_temple_small_1]

Skill      XL: |  1  2  3  4  5  6  7 |
---------------+----------------------+-----
Fighting       | 4 6 8 10 11 | 11.7
Maces & Flails | 4 6 8 10 11 | 11.7
Dodging        | 3 5 6 7 8 9 |  9.6
Stealth        | 1 |  1.5

Action                   |  1- 3 |  4- 6 |  7- 9 || total
-------------------------+-------+-------+-------++-------
Melee: Mace              |    11 |    23 |    13 ||    47
       Tailslap          |     3 |     7 |     3 ||    13
Invok: Berserk           |     2 |     3 |     2 ||     7
 Abil: Breathe Acid      |       |       |     1 ||     1
Armor: Skin              |     3 |     4 |     7 ||    14
Dodge: Dodged            |     2 |     6 |    26 ||    34

Table legend: (Time is in decaauts)
 A = Elapsed time spent in this place.
 B = Non-inter-level travel time spent in this place.
 C = Inter-level travel time spent in this place.
 D = Time resting spent in this place.
 E = Time spent auto-exploring this place.
 F = Levels seen in this place.
 G = Mean time per level.
                   A        B        C        D        E       F      G
               +--------+--------+--------+--------+--------+-----+--------+
         Total |   3011 |   3011 |      0 |   2823 |      0 |   1 | 3011.0 |
       Dungeon |   3011 |   3011 |      0 |   2823 |      0 |   1 | 3011.0 |
               +--------+--------+--------+--------+--------+-----+--------+

Top non-repeatable levels by time:
       D: 3011 daAuts
